 Dungeon Crawl Stone Soup version 0.22.1-2-g9c5b331 (webtiles) character file.

3393 spiff the Covert (level 9, -1/61 HPs)
             Began as a Vampire Enchanter on Nov 27, 2018.
             Was a Priest of Ashenzari.
             Slain by a wolf (8 damage)
             ... led by Grum
             ... on level 9 of the Dungeon.
             The game lasted 00:27:46 (10937 turns).

spiff the Covert (Vampire Enchanter)               Turns: 10937, Time: 00:27:47

Health: -1/61      AC:  5    Str:  9    XL:     9   Next: 75%
Magic:  16/16      EV: 27    Int: 22    God:    Ashenzari [***...]
Gold:   772        SH:  4    Dex: 14    Spells: 13/18 levels left

rFire    . . .     SeeInvis +   D - +0 dagger "Xiutideo" {pierce, Int+3} (curse)
rCold    + + .     Gourm    .   L - +0 buckler
rNeg     + + +     Faith    .   b - +0 robe
rPois    ∞         Spirit   .   o - +0 helmet (curse)
rElec    .         Reflect  .   (no cloak)
rCorr    .         Harm     .   (no gloves)
MR       .....                  r - +1 pair of boots (curse)
Stlth    ++++++++..             j - amulet of the acrobat (curse)
HPRegen  0.00/turn              i - ring of poison resistance
MPRegen  0.15/turn              s - ring of positive energy

@: bloodless, non-regenerating
A: fangs 3, see invisible, unbreathing
a: Bat Form, Curse Item, Scrying, Renounce Religion


You were on level 9 of the Dungeon.
You worshipped Ashenzari.
Ashenzari was most pleased with you.
You were bloodless.

You visited 1 branch of the dungeon, and saw 10 of its levels.
You also visited: Sewer and Ossuary.

You collected 772 gold pieces.

Inventory:

Hand Weapons
 a - a +2 dagger
 p - a +0 blowgun
 D - the cursed +0 dagger "Xiutideo" (weapon) {pierce, Int+3}
   (You found it on level 5 of the Dungeon)

   It inflicts extra damage upon your enemies.
   It affects your intelligence (+3).
   It has a curse placed upon it.
Missiles
 u - 39 poisoned needles
 F - 7 curare-tipped needles
 G - 3 throwing nets (quivered)
Armour
 b - a +0 robe (worn)
 o - a cursed +0 helmet (worn)
 r - a cursed +1 pair of boots (worn)
 L - a +0 buckler (worn)
Jewellery
 i - a ring of poison resistance (left hand)
 j - a cursed amulet of the acrobat (around neck)
 l - an uncursed amulet of magic regeneration
 s - a ring of positive energy (right hand)
 H - an uncursed ring of protection from cold
Wands
 v - a wand of acid (5)
 y - a wand of clouds (9)
 C - a wand of polymorph (13)
 N - a wand of random effects (28)
 P - a wand of flame (16)
Scrolls
 c - 4 scrolls of magic mapping
 e - 11 scrolls of remove curse
 g - 5 scrolls of identify
 h - 6 scrolls of amnesia
 m - 14 scrolls of teleportation
 z - a scroll of fear
 J - a scroll of random uselessness
 K - 2 scrolls of enchant weapon
 O - a scroll of enchant armour
Potions
 d - 6 potions of blood
 f - 5 potions of lignification
 k - 5 potions of curing
 n - 4 potions of brilliance
 q - 2 potions of mutation
 t - 2 potions of agility
 w - 7 potions of heal wounds
 x - a potion of flight {unknown}
 A - a potion of magic
 B - 3 potions of might
 E - 4 potions of haste
 I - a potion of cancellation
 M - a potion of berserk rage {unknown}


   Skills:
 + Level 1.8 Fighting
 + Level 6.7(9.7) Short Blades
 - Level 2.1 Dodging
 * Level 13.8 Stealth
 + Level 1.9 Shields
 - Level 5.3 Spellcasting
 - Level 8.1 Hexes
 - Level 3.1 Ice Magic


You had 13 spell levels left.
You knew the following spells:

 Your Spells              Type           Power        Failure   Level  Hunger
b - Ensorcelled Hibernat  Hex/Ice        ####..       1%          2    None
c - Confuse               Hex            #####...     1%          3    ##.....

Your spell library contained the following spells:

 Spells                   Type           Power        Failure   Level  Hunger
 Corona                   Hex            #####..      1%          1    None
 Tukima's Dance           Hex            #####...     1%          3    ##.....
 Dazzling Spray           Conj/Hex       ###...       7%          3    ##.....
 Summon Guardian Golem    Hex/Summ       ###.....     7%          3    ##.....
 Summon Small Mammal      Summ           #...         13%         1    None
 Call Imp                 Summ           #.......     19%         2    None
 Call Canine Familiar     Summ           #.......     36%         3    ##.....
 Summon Ice Beast         Ice/Summ       ##......     54%         4    ####...
 Summon Lightning Spire   Summ/Air       #.......     77%         4    ####...


Dungeon Overview and Level Annotations

Branches:
Dungeon (10/15)            Temple (0/1) D:7
   Lair: D:8-11         Orc: D:9-12

Altars:
Ashenzari
Fedhas
Gozag
Hepliaklqana
Okawaru
Qazlal
Xom
Zin

Annotations:
D:10 Grum


Innate Abilities, Weirdness & Mutations

You do not heal naturally.
You are immune to poison.
You have razor-sharp teeth.
You have supernaturally acute eyesight. (SInv)
You can survive without breathing.


Message History

The wolf is lightly wounded.
The wolf closely misses you. Grum hits you from afar with a spear.
The wolf bites you.
The wolf bites you! x2; Grum misses you.
The wolf completely misses you.
The vampire casts a spell.
The vampire flickers and vanishes for a moment.
You climb upwards.
There is a stone staircase leading down here.
The wolf misses you. The wolf bites you.
* * * LOW HITPOINT WARNING * * *
The wolf misses you. The wolf completely misses you.
The wolf completely misses you. x2
The wolf completely misses you. The wolf misses you. The wolf bites you!
* * * LOW HITPOINT WARNING * * *
You block the wolf's attack.
There is an open door here.
The wolf bites you!
You die...

#..# #.............# ##..#
#...#######...#######
>...#####...#.....#.........#
............#.....#.........#
............#.....###.......#
.##'######..#.......#.......#
.#.......#..#.......#.......#
.#.......#..#.......'<......#
.+.......#..#.hh@####.#######
.#.......#..##'###....#
##.......#............#
#........#............#
'........#............#
#........+............#
#........#............#
#........#...>........#
#........#............##


You could see 2 wolves.

Vanquished Creatures
  Pikel (D:6)
  A hippogriff (D:8)
  3 black bears
  2 orc warriors
  4 slaves (D:6)
  2 sky beasts
  2 ogres
  A centaur (D:6)
  3 big kobolds
  5 scorpions
  4 wights (D:10)
  2 howler monkeys (D:3)
  A crimson imp (D:7)
  A bullfrog zombie (D:8)
  A lava snake (D:10)
  4 centaur zombies
  5 hounds
  A human zombie (Ossuary)
  A bullfrog skeleton (D:7)
  2 orc priests
  2 iguanas
  7 orc wizards
  6 worker ants
  A hound skeleton (D:9)
  3 mummies (Ossuary)
  3 gnolls
  5 adders
  2 shadow imps (D:6)
  2 oozes
  2 adder zombies
  An adder skeleton (D:5)
  A worm (D:3)
  A dart slug (D:4)
  5 leopard geckos
  29 orcs
  6 bats
  7 giant cockroaches
  6 goblins
  5 hobgoblins
  10 jackals
  4 quokkas
  4 ball pythons
  7 frilled lizards
  A gnoll zombie (Ossuary)
  A goblin zombie (Ossuary)
  5 hobgoblin zombies (Ossuary)
  26 kobolds
  3 kobold zombies (Ossuary)
  A leopard gecko zombie (D:6)
  A quokka skeleton (D:4)
  4 quokka zombies (Ossuary)
  7 rats
  2 rat zombies (Ossuary)
  A plant (Sewer)
217 creatures vanquished.

Notes
Turn   | Place    | Note
-------+----------+-------------------------------------------
     0 | D:1      | spiff the Vampire Enchanter began the quest for the Orb.
     0 | D:1      | Reached XP level 1. HP: 13/13 MP: 3/3
    53 | D:1      | Reached XP level 2. HP: 19/19 MP: 5/5
    59 | D:1      | Reached skill level 5 in Stealth
   573 | D:1      | Learned a level 2 spell: Ensorcelled Hibernation
   729 | D:1      | Reached skill level 5 in Hexes
  1119 | D:1      | Reached XP level 3. HP: 24/24 MP: 6/6
  1270 | D:1      | Learned a level 3 spell: Confuse
  2272 | D:3      | Reached XP level 4. HP: 30/30 MP: 7/7
  2357 | D:3      | Found a shattered altar of Ashenzari.
  2404 | D:3      | Became a worshipper of Ashenzari the Shackled
  2660 | D:3      | Found a hazy altar of Hepliaklqana.
  2778 | D:3      | Found an iron altar of Okawaru.
  2779 | D:3      | Found a shimmering altar of Xom.
  2846 | D:3      | Found a faded altar of an unknown god.
  2952 | D:3      | Noticed a sky beast
  2965 | D:3      | Killed a sky beast
  2965 | D:3      | Reached skill level 6 in Stealth
  2965 | D:3      | Reached XP level 5. HP: 23/35 MP: 0/9
  3159 | D:4      | Found a stormy altar of Qazlal.
  3417 | D:3      | Reached XP level 6. HP: 24/41 MP: 0/10
  3646 | D:4      | Reached skill level 7 in Stealth
  4246 | D:5      | Entered Level 5 of the Dungeon
  4286 | D:5      | Reached XP level 7. HP: 46/46 MP: 12/12
  4321 | D:5      | Found a glowing drain.
  4335 | Sewer    | Entered a sewer
  5384 | D:5      | Found an iron altar of Okawaru.
  5455 | D:5      | Reached skill level 8 in Stealth
  5689 | D:5      | Got the cursed dagger "Xiutideo" {pierce, Int+3}
  5690 | D:5      | Identified the cursed +0 dagger "Xiutideo" {pierce, Int+3}
                  | (You found it on level 5 of the Dungeon)
  5750 | D:5      | Reached * piety under Ashenzari
  6542 | D:6      | Reached skill level 5 in Short Blades
  6748 | D:6      | Noticed Pikel
  6885 | D:6      | Killed Pikel
  6885 | D:6      | Reached skill level 9 in Stealth
  6885 | D:6      | Reached skill level 5 in Spellcasting
  6885 | D:6      | Reached XP level 8. HP: 52/52 MP: 11/15
  6997 | D:6      | Found a glowing silver altar of Zin.
  7039 | D:6      | Reached skill level 10 in Stealth
  7550 | D:7      | Reached skill level 1 in Ice Magic
  7691 | D:7      | Reached skill level 11 in Stealth
  7769 | D:7      | Found a staircase to the Ecumenical Temple.
  7903 | D:7      | Reached ** piety under Ashenzari
  8125 | D:6      | Reached XP level 9. HP: 57/57 MP: 10/16
  8594 | D:8      | Found a sand-covered staircase.
  8602 | Ossuary  | Entered an ossuary
  8618 | Ossuary  | Reached skill level 12 in Stealth
  9501 | D:8      | Found a blossoming altar of Fedhas.
  9696 | D:8      | Reached skill level 13 in Stealth
 10096 | D:9      | Found an opulent altar of Gozag.
 10343 | D:9      | Reached skill level 1 in Shields
 10394 | D:9      | Reached *** piety under Ashenzari
 10652 | D:10     | Entered Level 10 of the Dungeon
 10677 | D:10     | Reached skill level 1 in Fighting
 10883 | D:10     | Noticed Grum
 10887 | D:10     | Noticed a troll
 10937 | D:9      | Slain by a wolf

Skill      XL: |  1  2  3  4  5  6  7  8  9 |
---------------+----------------------------+-----
Stealth        | 5 6 7 9 11 13 | 13.8
Hexes          | 5 6 7 8 |  8.1
Short Blades   | 2 3 4 6 |  6.7
Spellcasting   | 3 5 |  5.3
Ice Magic      | 2 3 |  3.1
Shields        | 1 |  1.9
Fighting       | 1 |  1.8
Dodging        | |  2.1

Action                   |  1- 3 |  4- 6 |  7- 9 || total
-------------------------+-------+-------+-------++-------
Melee: Dagger            |    89 |   101 |   474 ||   664
       Bite              |     6 |     5 |    36 ||    47
 Cast: Corona            |     2 |       |       ||     2
       Ensorcelled Hiber |    15 |    27 |    85 ||   127
       Confuse           |       |     3 |    16 ||    19
Invok: Curse Item        |       |     3 |       ||     3
  Use: Potion            |     2 |     7 |     3 ||    12
       Scroll            |       |     4 |    17 ||    21
 Stab: Sleeping          |    28 |    15 |    95 ||   138
       Confused          |       |     3 |    13 ||    16
       Distracted        |       |       |     1 ||     1
Armor: Robe              |    24 |    20 |    64 ||   108
Dodge: Dodged            |    60 |    49 |   228 ||   337
Block: Buckler           |       |       |    13 ||    13
